 Dungeon Crawl Stone Soup version 0.30.0-18-gc0e69614cb (webtiles) character file.

Game seed: 17818865453232890804

11672 JanusIIV the Grappler (level 11, -7/111 HPs)
             Began as a Troll Fighter on May 24, 2023.
             Was a Priest of Wu Jian.
             Mangled by a sixfirhy (9 damage)
             ... on level 2 of the Abyss.
             The game lasted 00:19:12 (9395 turns).

JanusIIV the Grappler (Troll Fighter)               Turns: 9395, Time: 00:19:14

Health: -7/111     AC: 14    Str: 26    XL:     11   Next: 52%
Magic:  11/11      EV:  7    Int:  8    God:    Wu Jian [***...]
Gold:   10         SH: 10    Dex:  9    Spells: 10/10 levels left

rFire   + +          .
                       - Unarmed
rCold   + . .        b - +0 kite shield
rNeg    . . .        G - +0 gold dragon scales
rPois   +            (helmet restricted)
rElec   .            t - scarf {repulsion}
rCorr   .            (gloves unavailable)
SInv    +            (boots unavailable)
Will    .....        (no amulet) Stlth
                     k - +5 ring of evasion
HPRegen 1.18/turn    B - ring of see invisible
MPRegen 0.12/turn

%: repel missiles
@: about to teleport
A: large, unfitting armour, claws 3, regeneration 1, shaggy fur 1, tough skin 1,
fire resistance 1, high MP 1, (teleportitis 1)
a: Renounce Religion, Wall Jump, Serpent's Lash


You were on level 2 of the Abyss.
You worshipped Wu Jian.
Wu Jian was most pleased with you.
You visited 2 branches of the dungeon, and saw 12 of its levels.
You visited the Abyss 1 time.

You collected 835 gold pieces.
You spent 825 gold pieces at shops.

Inventory:

Missiles
 h - 7 boomerangs
 j - 6 javelins
 n - 39 poisoned darts (quivered)
 y - 3 large rocks
Armour
 b - a +0 kite shield (worn)
 t - a scarf of repulsion (worn)
 G - +0 gold dragon scales (worn)
Jewellery
 k - a +5 ring of evasion (left claw)
 B - a ring of see invisible (right claw)
Wands
 w - a wand of roots (2)
 C - a wand of mindburst (11)
 D - a wand of paralysis (1)
 F - a wand of flame (4)
Scrolls
 d - a scroll of torment
 g - 8 scrolls of identify
 i - a scroll of fear
 l - a scroll of summoning
 m - 2 scrolls of poison
 o - 2 scrolls of vulnerability
 p - a scroll of amnesia
 q - a scroll of magic mapping
 z - 3 scrolls of teleportation
Potions
 c - 4 potions of might
 e - 5 potions of brilliance
 r - a potion of resistance
 u - a potion of magic
 v - 2 potions of berserk rage
 A - a potion of curing


   Skills:
 + Level 7.9 Fighting
 + Level 4.9 Dodging
 + Level 8.7 Shields
 * Level 12.7 Unarmed Combat


You had 10 spell levels left.
You didn't know any spells.
Your spell library contained the following spells:

 Spells                   Type           Power      Damage    Failure   Level
 Necrotise                Necr           0%         1d4       100%        1
 Poisonous Vapours        Pois/Air       0%         N/A       100%        2
 Sublimation of Blood     Necr           0%         N/A       100%        2
 Wereblood                Tmut           0%         N/A       100%        2
 Mephitic Cloud           Conj/Pois/Air  0%         N/A       100%        3
 Vampiric Draining        Necr           0%         2d6       100%        3
 Vhi's Electric Charge    Tloc/Air       0%         N/A       100%        3
 Agony                    Necr           0%         N/A       100%        5
 Arcjolt                  Conj/Air       0%         1d10      100%        5
 Freezing Cloud           Conj/Ice/Air   0%         6-21      100%        5
 Summon Hydra             Summ           0%         N/A       100%        7
 Maxwell's Capacitive Co  Air            0%         ∞         100%        8


Dungeon Overview and Level Annotations

Branches:
Dungeon (11/15)            Temple (1/1) D:6            Lair (0/5) D:11
    Orc: D:9-12

Altars:
Ashenzari
Cheibriados
Dithmenos
Elyvilon
Fedhas
Gozag
Hepliaklqana
Kikubaaqudgha
Makhleb
Nemelex Xobeh
Okawaru
Qazlal
Ru
Sif Muna
Trog
Uskayaw
Vehumet
Wu Jian
Xom
Yredelemnul
Zin
The Shining One

Shops:
D:4 *

Annotations:
D:3 1 runed translucent door, Crazy Yiuf


Innate Abilities, Weirdness & Mutations

You are too large for most types of armour.
You have claws for hands.
Your natural rate of healing is unusually fast.
You are covered in fur. (AC +1)
You have tough skin. (AC +1)
Your flesh is heat resistant. (rF+)
You have an increased reservoir of magic. (+10% MP)
((You are occasionally teleported next to monsters.))


Message History

A smoke demon comes into view.
A sixfirhy and a neqoxec come into view.
The smoke demon roars!
A thrashing horror comes into view.
As you read the scroll of teleportation, it crumbles to dust.
You feel strangely unstable.
You feel the power of the Abyss delaying your translocation!
The thrashing horror roars!
You block the sixfirhy's attack.
A thrashing horror comes into view.
The sixfirhy hits you but does no damage.
The sixfirhy hits you. The sixfirhy shocks you!
The smoke demon gestures at you.
The ball of steam hits you but does no damage.
The thrashing horror roars!
The sixfirhy attacks as you move away! The sixfirhy hits you.
The sixfirhy shocks you!
The sixfirhy is engulfed in a cloud of scalding steam. x6
The smoke demon gestures at you. The ball of steam hits you. You resist.
The sixfirhy is engulfed in a cloud of scalding steam. x6
The sixfirhy is engulfed in a cloud of scalding steam. x2
The sixfirhy hits you! The sixfirhy shocks you! The sixfirhy hits you.
The sixfirhy shocks you! The sixfirhy barely misses you. The sixfirhy hits you!
The sixfirhy shocks you!
* * * LOW HITPOINT WARNING * * *
Okay, then.
The sixfirhy attacks as you move away! The sixfirhy hits you!
* * * LOW HITPOINT WARNING * * *
The sixfirhy shocks you!
* * * LOW HITPOINT WARNING * * *
You block the thrashing horror's attack. x2
The thrashing horror attacks as you move away!
The thrashing horror tramples you but does no damage.
You block the thrashing horror's attack.
The thrashing horror tramples you but does no damage. x2
The sixfirhy hits you.
* * * LOW HITPOINT WARNING * * *
The sixfirhy shocks you!
You die...

##.##...##..###....
. #
.#.#.#....#.3..3..
. ...#.......#3§# #
#..........#.# .#
##......#.3###># .
#.##.#.#.###### #
###..#....#.#X....#
#..
..###..##.X3###.# .
...# #......#@# .
##..# #..#.#.#.# .
# .###.#. ..#.. # .
#..#.#.#..#... .
...# #..#..#..##..
.#. ..#.# ##.#..
.... ..#
....#....#...###.#
# .. # .##.#.. .#
#...## ....


You could see 2 thrashing horrors, a sixfirhy and a smoke demon.

Vanquished Creatures
  2 two-headed ogres
  Nergalle (D:10)
  An ugly thing (D:11)
  A cyclops (D:7)
  2 manticores
  A gargoyle (D:6)
  2 kobold demonologists (D:9)
  An unseen horror (D:10)
  A shadow (D:10)
  Sigmund (D:2)
  18 yaks (D:10)
  A wraith (D:11)
  2 vampire mosquitoes (D:10)
  A steam dragon (D:8)
  3 water moccasins
  An orc warrior (D:7)
  3 sky beasts
  An ice beast (D:6)
  2 black bears
  2 ogres
  4 centaurs
  A phantom (D:7)
  6 kobold brigands
  2 bullfrogs
  2 gnoll sergeants
  2 scorpions
  8 killer bees
  5 howler monkeys
  5 hounds
  3 jellies
  5 orc priests
  A gnoll bouda (D:7)
  2 sleepcaps (D:6)
  An iguana (D:4)
  7 orc wizards
  14 adders
  16 gnolls
  2 white imps (D:8)
  2 ufetubi
  2 worms
  5 dart slugs
  49 orcs
  3 endoplasms
  4 giant cockroaches
  7 hobgoblins
  2 jackals (D:2)
  17 kobolds
  3 quokkas
  6 ball pythons
  4 bats
  4 frilled lizards
  6 goblins
  4 rats
251 creatures vanquished.

Notes
Turn   | Place    | Note
-------+----------+-------------------------------------------
     0 | D:1      | JanusIIV the Troll Fighter began the quest for the Orb.
     0 | D:1      | Reached XP level 1. HP: 22/22 MP: 0/0
   216 | D:1      | Reached XP level 2. HP: 29/29 MP: 1/1
   988 | D:2      | Reached XP level 3. HP: 36/36 MP: 2/2
  1017 | D:2      | Reached skill level 3 in Unarmed Combat
  1132 | D:2      | Noticed Sigmund
  1140 | D:2      | Killed Sigmund
  1141 | D:2      | Reached skill level 4 in Unarmed Combat
  1141 | D:2      | Reached XP level 4. HP: 32/45 MP: 3/3
  1141 | D:2      | Reached XP level 5. HP: 37/53 MP: 4/4
  1727 | D:3      | Reached XP level 6. HP: 58/61 MP: 5/5
  1829 | D:3      | Reached skill level 5 in Unarmed Combat
  2078 | D:3      | Found a runed translucent door.
  2079 | D:3      | Noticed Crazy Yiuf
  2132 | D:4      | Found a sacrificial altar of Ru.
  2145 | D:4      | Noticed a sky beast
  2165 | D:4      | Killed a sky beast
  2190 | D:4      | Found a sparkling altar of Nemelex Xobeh.
  2286 | D:4      | Found Syxoh's Lightly-Used Armoury.
  2368 | D:4      | Reached XP level 7. HP: 68/68 MP: 6/6
  2856 | D:5      | Entered Level 5 of the Dungeon
  2873 | D:5      | Reached skill level 6 in Unarmed Combat
  3219 | D:5      | Gained mutation: You occasionally lose the ability to drink
                  | potions when taking damage. [potion of mutation]
  3219 | D:5      | Gained mutation: You have hidden genetic defects. [potion
                  | of mutation]
  3220 | D:5      | Lost mutation: You occasionally lose the ability to drink
                  | potions when taking damage. [potion of mutation]
  3220 | D:5      | Lost mutation: You have hidden genetic defects. [potion of
                  | mutation]
  3220 | D:5      | Gained mutation: Your flesh is heat resistant. (rF+)
                  | [potion of mutation]
  3220 | D:5      | Gained mutation: You are occasionally teleported next to
                  | monsters. [potion of mutation]
  3220 | D:5      | Gained mutation: You have an increased reservoir of magic.
                  | (+10% MP) [potion of mutation]
  3228 | D:5      | Reached skill level 5 in Shields
  3681 | D:6      | Reached XP level 8. HP: 79/79 MP: 7/7
  3709 | D:6      | Found a faded altar of an unknown god.
  3709 | D:6      | Found the Hermit's Pendant {Faith Invo=14 Evo=0 MP+5}
  3710 | D:6      | Noticed a gargoyle
  3719 | D:6      | Killed a gargoyle
  3720 | D:6      | Reached skill level 7 in Unarmed Combat
  3816 | D:6      | Reached skill level 5 in Fighting
  4193 | D:6      | Found a staircase to the Ecumenical Temple.
  4199 | Temple   | Entered the Ecumenical Temple
  4270 | Temple   | Became a worshipper of the Wu Jian Council
  4471 | D:6      | Reached skill level 8 in Unarmed Combat
  4674 | D:7      | Found a radiant altar of Vehumet.
  4711 | D:7      | Noticed a manticore
  4764 | D:7      | Reached XP level 9. HP: 72/88 MP: 8/8
  4787 | D:7      | Found a snail-covered altar of Cheibriados.
  4791 | D:7      | Found a bloodstained altar of Trog.
  4792 | D:7      | Found a glowing golden altar of the Shining One.
  4793 | D:7      | Found an iron altar of Okawaru.
  4795 | D:7      | Found a white marble altar of Elyvilon.
  4796 | D:7      | Found a broken altar of Ashenzari.
  4901 | D:7      | Reached skill level 9 in Unarmed Combat
  4954 | D:7      | Killed a manticore
  5131 | D:7      | Reached * piety under Wu Jian
  5187 | D:7      | Noticed a cyclops
  5206 | D:7      | Killed a cyclops
  5207 | D:7      | Reached skill level 10 in Unarmed Combat
  5940 | D:8      | Reached XP level 10. HP: 89/100 MP: 10/10
  6237 | D:8      | Reached ** piety under Wu Jian
  6843 | D:9      | Noticed a two-headed ogre
  6855 | D:9      | Killed a two-headed ogre
  6904 | D:9      | Reached skill level 11 in Unarmed Combat
  6927 | D:9      | Noticed a soul eater
  7182 | D:9      | Found a basalt altar of Yredelemnul.
  7526 | D:9      | Found a shimmering altar of Xom.
  7535 | D:9      | Found an ancient bone altar of Kikubaaqudgha.
  7826 | D:10     | Entered Level 10 of the Dungeon
  8147 | D:10     | Noticed Nergalle
  8162 | D:10     | Killed Nergalle
  8163 | D:10     | Reached XP level 11. HP: 94/109 MP: 11/11
  8245 | D:10     | Reached skill level 12 in Unarmed Combat
  8275 | D:10     | Reached *** piety under Wu Jian
  8615 | D:11     | Found a staircase to the Lair.
  8615 | D:11     | Noticed a purple ugly thing
  8633 | D:11     | Killed a purple ugly thing
  8652 | D:11     | Noticed a two-headed ogre
  8657 | D:11     | Killed a two-headed ogre
  8770 | D:11     | Noticed a two-headed ogre
  8770 | D:11     | Noticed a brown ugly thing
  8955 | D:4      | Bought -1 gold dragon scales for 825 gold pieces
  9312 | D:11     | Noticed a wizard
  9337 | Abyss:2  | Cast into level 2 of the Abyss (a wizard)
  9345 | Abyss:2  | Found a corrupted altar of Lugonu.
  9387 | Abyss:2  | Noticed a sixfirhy
  9387 | Abyss:2  | Noticed a thrashing horror
  9388 | Abyss:2  | Noticed a thrashing horror
  9394 | Abyss:2  | HP: 4/111 [sixfirhy (12)]
  9395 | Abyss:2  | Mangled by a sixfirhy

Illustrated notes

Levels and vault maps discovered:
D:1:      dpeg_arrival_round_b, layout_loops_corners, minmay_pentomino_w4
D:2:      layout_loops_cross, uniq_sigmund
D:3:      cheibrodos_helix_gallery, layout_basic, uniq_crazy_yiuf_cottage
D:4:      layout_loops_ring, mainiacjoe_overflow_big_doors, minmay_shop_damaged,
          serial_bayou_crossing
D:5:      layout_basic
D:6:      layout_basic, minmay_temple_entry_tees, hellmonk_guarded_unrand_hermit
D:7:      layout_rooms, minitemple, mainiacjoe_overflow_concentric_impassable,
          minmay_misc_feat_five
D:8:      layout_loops_corners, special_room [special_room_orc]
D:9:      layout_basic, amcnicky_altar_gilded,
          mainiacjoe_overflow_catwalk_spiral, chequers_serial_rivers_marsh
D:10:     layout_basic, uniq_nergalle
D:11:     hangedman_cross_veins, layout_cave_pools, uniq_lodul
Temple:   hellmonk_temple_beads
Abyss:2:  base: D:1, patterned_corridor

Skill      XL: |  1  2  3  4  5  6  7  8  9 10 11 |
---------------+----------------------------------+-----
Shields        | 3 4 5 6 7 8 |  8.7
Unarmed Combat | 4 5 6 8 10 11 12 | 12.7
Fighting       | 3 4 5 6 7 |  7.9
Dodging        | 4 |  4.9

Action                     |  1- 3 |  4- 6 |  7- 9 | 10-12 || total
---------------------------+-------+-------+-------+-------++-------
  Melee: Unarmed           |    86 |   133 |   298 |   308 ||   825
  Throw: Dart              |       |       |     5 |    11 ||    16
Ability: Lunge             |       |       |    16 |    24 ||    40
         Whirlwind         |       |       |     1 |     5 ||     6
  Evoke: Wand              |       |       |       |     6 ||     6
    Use: Scroll            |       |       |    10 |    10 ||    20
         Potion            |       |       |     9 |     1 ||    10
   Stab: Sleeping          |       |       |     1 |       ||     1
 Armour: Robe              |    25 |    35 |    30 |    20 ||   110
         Skin              |       |       |     2 |       ||     2
         Gold dragon scale |       |       |       |     9 ||     9
  Dodge: Dodged            |    21 |    60 |   147 |    98 ||   326
         Repelled          |       |       |     3 |     1 ||     4
  Block: Kite shield       |    32 |    47 |   115 |   100 ||   294
